cohdb
Replays
Latest Replays
All Replays
Popular Replays
Top Player Replays
Match Explorer
How It Works
Community
CoH3 Stats
Reddit
Sign in to upload your games and track your stats! →
Sign in with Steam
Match 43659215
Unlisted
Match 43659215
Overview
Messages
Build Orders
End
Construct Infanterie Kompanie
Kettenkrad Recon Vehicle
MG 42 Machine Gun Team
Grenadier Squad
Grenadier Squad
Construct Panzergrenadier Kompanie
251 Medium Carrier
Medical Bunker
Forward Retreat Point
Construct Panzer Kompanie
Selects Mechanized Battlegroup
Selects Raid Package
Selects 8 Rad Armored Car
Selects UNKNOWN (2160084)
Panther Heavy Tank
Selects Mobile Repair Stations
Sturmpanzer IV Brummbär
Stoßtruppen Squad
Pioneer Squad
251 Medium Carrier
Pioneer Squad
Selects Wespe Self-propelled Artillery
Selects Zeroing Artillery Barrage
Panther Heavy Tank
一只小浩子
德意志第三军团
Watch your back!
incineration
午睡红茶
GЯдnd V.爪дs†ΣЯoV☭
Dr.eiser
JollyRedRockett
0
0
Comments
sign in to comment!
No comments posted yet!